 Dungeon Crawl Stone Soup version 0.27-a0-808-g60bc5d92e6 (webtiles) character file.

Game seed: 16445304553919534918

68 jestyr24 the Shield-Bearer (level 4, -3/40 HPs)
             Began as a Minotaur Fighter on Mar 29, 2021.
             Slain by Sigmund
             ... wielding a +0 scythe
              (6 damage)
             ... on level 2 of the Dungeon.
             The game lasted 00:04:46 (1465 turns).

jestyr24 the Shield-Bearer (Minotaur Fighter)       Turns: 1465, Time: 00:04:47

Health: -3/40      AC:  7    Str: 21    XL:     4   Next: 1%
Magic:  3/3        EV:  7    Int:  5    God:
Gold:   39         SH:  9    Dex: 10    Spells: 3/3 levels left

rFire    . . .     SeeInvis .   a - +0 long sword
rCold    . . .     Faith    .   c - +0 kite shield
rNeg     . . .     Spirit   .   b - +0 scale mail
rPois    .         Reflect  .   (helmet restricted)
rElec    .         Harm     .   (no cloak)
rCorr    .         Rampage  .   (no gloves)
Will     .....                  (no boots)
Stlth    ..........             (no amulet)
HPRegen  0.13/turn              (no ring)
MPRegen  0.08/turn              (no ring)

@: no status effects
A: horns 2, retaliatory headbutt
a: no special abilities


You were on level 2 of the Dungeon.
You visited 1 branch of the dungeon, and saw 2 of its levels.

You collected 39 gold pieces.

Inventory:

Hand Weapons
 a - a +0 long sword (weapon)
Armour
 b - a +0 scale mail (worn)
 c - a +0 kite shield (worn)
Scrolls
 f - a scroll of identify {unknown}
Potions
 d - a potion of might
 e - a potion of brilliance {unknown}
 g - a potion of curing {unknown}
 h - a potion of magic {unknown}


   Skills:
 + Level 3.9 Fighting
 + Level 3.5 Long Blades
 + Level 4.1 Armour
 + Level 0.3 Dodging
 + Level 0.3 Stealth
 + Level 4.4 Shields


You had 3 spell levels left.
You didn't know any spells.
Your spell library was empty.

Dungeon Overview and Level Annotations

Branches:
Dungeon (2/15)

Altars:
Wu Jian

Annotations:
D:2 Sigmund


Innate Abilities, Weirdness & Mutations

You have a pair of horns on your head.
You reflexively headbutt those who attack you in melee.


Message History

You headbutt the ball python, but do no damage.
The ball python is severely wounded.
The ball python bites you. The ball python grabs you.
The ball python constricts you.
You closely miss the ball python.
The ball python is severely wounded.
You block the ball python's attack. The ball python constricts you.
The ball python bites you but does no damage.
The ball python constricts you.
You hit the ball python.
You kill the ball python!
You have reached level 4!
You feel agile.
You see here a ball python corpse.
You now have 39 gold pieces (gained 5).
You open the door.
There is an open door here.
You open the door.
There is an open door here.
h - a fuming white potion
There is an open door here.
You see here a +0 club.
Sigmund the Dreaded comes into view.
He is wielding a +0 scythe.
Sigmund shouts!
Sigmund casts a spell at himself.
Sigmund flickers and vanishes!
Deactivating autopickup; reactivate with Ctrl-A.
Something hits you.
You closely miss something. Your headbutt misses something. Something hits you!
You hit something. Something hits you!
You closely miss something. Your headbutt misses something.
Something hits you. x2
* * * LOW HITPOINT WARNING * * *
You hit something. Your headbutt misses something. Something hits you.
* * * LOW HITPOINT WARNING * * *
You hit something but do no damage. Your headbutt misses something.
Something hits you.
* * * LOW HITPOINT WARNING * * *
Something hits you but does no damage.
You closely miss something. Something hits you.
You die...

###.#.#.#.............
#.#.#.#.##....######
#.#.#.#.#####)##<..#
#.#...#.......)....#
#.#####..........###
#................#
#.######........##
..####.######........####
.........@.............†..
.....##.##{..####+#######'
###. #.# #.## #... # #.#
.# ##.. #+# # ##. ## #


There were no monsters in sight!

Vanquished Creatures
  Robin (D:2)
  A dart slug (D:2)
  5 endoplasms
  3 giant cockroaches (D:1)
  4 hobgoblins
  6 jackals (D:1)
  A quokka (D:1)
  3 ball pythons
  A bat (D:2)
  A frilled lizard (D:1)
  14 goblins
  4 kobolds (D:1)
  3 rats (D:1)
47 creatures vanquished.

Notes
Turn   | Place    | Note
-------+----------+-------------------------------------------
     0 | D:1      | jestyr24 the Minotaur Fighter began the quest for the Orb.
     0 | D:1      | Reached XP level 1. HP: 19/19 MP: 0/0
   174 | D:1      | Reached XP level 2. HP: 21/27 MP: 1/1
   655 | D:1      | Reached XP level 3. HP: 31/33 MP: 2/2
   739 | D:2      | Noticed Robin
  1086 | D:2      | Found an ornate altar of the Wu Jian Council.
  1166 | D:2      | Killed Robin
  1354 | D:2      | Reached XP level 4. HP: 39/40 MP: 3/3
  1457 | D:2      | Noticed Sigmund
  1465 | D:2      | Slain by Sigmund

Illustrated notes

Levels and vault maps discovered:
D:1:      saegor_arrival_simple_d, layout_rooms
D:2:      layout_basic, lemuel_round_altar, minmay_quadrilaterals, uniq_sigmund,
          uniq_robin

Skill      XL: |  1  2 |
---------------+-------+-----
Shields        | 4 |  4.4
Long Blades    | 3 |  3.5
Armour         | 4 |  4.1
Fighting       | |  3.9
Dodging        | |  0.3
Stealth        | |  0.3

Action                   |  1- 3 |  4- 6 || total
-------------------------+-------+-------++-------
Melee: Long sword        |    90 |     6 ||    96
       Headbutt          |    14 |       ||    14
Armor: Scale mail        |    75 |     1 ||    76
Dodge: Dodged            |    42 |       ||    42
Block: Kite shield       |    66 |       ||    66
       Rpst.: Long sword |     9 |       ||     9

Table legend: (Time is in decaauts)
 A = Elapsed time spent in this place.
 B = Non-inter-level travel time spent in this place.
 C = Inter-level travel time spent in this place.
 D = Time resting spent in this place.
 E = Time spent auto-exploring this place.
 F = Levels seen in this place.
 G = Mean time per level.
                   A        B        C        D        E       F      G
               +--------+--------+--------+--------+--------+-----+--------+
         Total |   1510 |   1483 |     27 |    570 |    493 |   2 |  755.0 |
       Dungeon |   1510 |   1483 |     27 |    570 |    493 |   2 |  755.0 |
               +--------+--------+--------+--------+--------+-----+--------+

Top non-repeatable levels by time:
     D:1: 966 daAuts
     D:2: 544 daAuts
